 Dungeon Crawl Stone Soup version 0.21-a0-536-gdbbf329 (webtiles) character file.

192 tidbits the Digger (level 5, -1/37 HPs)
             Began as a Gnoll Earth Elementalist on Dec 15, 2017.
             Slain by a mummy (16 damage)
             ... in an ossuary.
             The game lasted 00:08:02 (640 turns).

tidbits the Digger (Gnoll Earth Elementalist)        Turns: 640, Time: 00:08:03

Health: -1/37      AC:  3    Str: 16    XL:     5   Next: 71%
Magic:  6/12       EV: 15    Int: 18    God:
Gold:   129        SH:  0    Dex: 15    Spells: 11/14 levels left

rFire    . . .     SeeInvis .   a - +0 dagger
rCold    . . .     Gourm    .   (no shield)
rNeg     . . .     Faith    .   B - +0 robe
rPois    .         Spirit   .   (no helmet)
rElec    .         Reflect  .   (no cloak)
rCorr    .         Harm     .   G - +0 pair of gloves
MR       .....                  (no boots)
Stlth    +++.......             (no amulet)
HPRegen  0.12/turn              (no ring)
MPRegen  0.13/turn              (no ring)

@: mighty
A: distributed training, fangs 1, strong nose
a: no special abilities


You were in an ossuary.
You were not hungry.

You visited 1 branch of the dungeon, and saw 4 of its levels.
You also visited: Ossuary.

You collected 129 gold pieces.

Inventory:

Hand Weapons
 a - a +0 dagger (weapon)
Missiles
 b - 36 stones (quivered)
 j - 40 arrows
Armour
 f - a +0 buckler
 l - a +0 helmet
 B - a +0 robe (worn)
 G - a +0 pair of gloves (worn)
Scrolls
 h - a scroll of amnesia {unknown}
 k - a scroll of immolation {unknown}
 m - a scroll of magic mapping {unknown}
 o - a scroll of noise {unknown}
 q - a scroll of enchant armour {unknown}
 r - a scroll of identify {unknown}
Potions
 c - 3 potions of heal wounds
 g - a potion of invisibility {unknown}
 i - a potion of mutation {unknown}
 n - a potion of curing
 p - a potion of berserk rage {unknown}
Books
 e - a book of Geomancy

   Spells                             Type                      Level
   a - Sandblast                      Earth                        1
   b - Passwall                       Transmutation/Earth          2
   c - Stone Arrow                    Conjuration/Earth            3
   d - Petrify                        Transmutation/Earth          4
   e - Lee's Rapid Deconstruction     Earth                        5
Comestibles
 d - a bread ration


   Skills:
 + Level 1.5 Fighting
 + Level 1.5 Short Blades
 + Level 1.5 Long Blades
 + Level 1.5 Axes
 + Level 1.5 Maces & Flails
 + Level 1.5 Polearms
 + Level 1.5 Staves
 + Level 1.5 Slings
 + Level 1.5 Bows
 + Level 1.5 Crossbows
 + Level 1.5 Throwing
 + Level 1.5 Armour
 + Level 4.8 Dodging
 + Level 4.4 Stealth
 + Level 1.5 Shields
 + Level 1.5 Unarmed Combat
 + Level 5.2 Spellcasting
 + Level 1.2 Conjurations
 + Level 1.2 Hexes
 + Level 1.2 Charms
 + Level 1.2 Summonings
 + Level 1.2 Necromancy
 + Level 1.2 Translocations
 + Level 2.4 Transmutations
 + Level 1.2 Fire Magic
 + Level 1.2 Ice Magic
 + Level 1.2 Air Magic
 + Level 5.5 Earth Magic
 + Level 1.2 Poison Magic
 + Level 1.7 Invocations
 + Level 1.5 Evocations


You had 11 spell levels left.
You knew the following spells:

 Your Spells              Type           Power        Failure   Level  Hunger
a - Sandblast             Erth           ###...       1%          1    None
w - Passwall              Tmut/Erth      ###.......   3%          2    #......


Dungeon Overview and Level Annotations

Branches:
Dungeon (4/15)
 Temple: D:4-7

Altars:


Innate Abilities, Weirdness & Mutations

Your experience applies equally to all skills.
You have very sharp teeth.
Your uncanny sense of smell can sniff out nearby items.


Message History

You hit the mummy.
The mummy is heavily damaged.
You hit the mummy but do no damage.
The mummy is heavily damaged.
The mummy misses you.
You completely miss the mummy.
The mummy is heavily damaged.
You hit the mummy but do no damage.
The mummy is heavily damaged.
The mummy misses you.
You hit the mummy.
The mummy is heavily damaged.
You hit the mummy but do no damage.
The mummy is heavily damaged.
You barely miss the mummy. Your bite misses the mummy.
The mummy is heavily damaged.
The mummy hits you!
* * * LOW HITPOINT WARNING * * *
Casting: Sandblast
Confirm with . or Enter, or press ? or * to list all spells.
Aiming: Sandblast
Press: ? - help, Shift-Dir - straight line, f/p - mummy
Aim: a mummy The blast of sand hits the mummy.
The mummy is almost destroyed.
b - 36 stones You barely miss the mummy.
The mummy is almost destroyed.
It was a potion of might.
You feel very mighty all of a sudden. The mummy completely misses you.
You feel much better.
You hit the mummy. You bite the mummy.
The mummy is almost destroyed.
The mummy closely misses you.
You puncture the mummy!
You destroy the mummy!
You puncture the worker ant zombie! You bite the worker ant zombie.
The worker ant zombie is heavily damaged.
You hit the worker ant zombie.
The worker ant zombie is severely damaged.
The worker ant zombie barely misses you.
You hit the worker ant zombie. Your bite misses the worker ant zombie.
The worker ant zombie is almost destroyed.
The worker ant zombie barely misses you.
You hit the worker ant zombie.
You destroy the worker ant zombie!
You puncture the mummy!
The mummy is heavily damaged.
You puncture the mummy!
You destroy the mummy!
There is an open door here.
Found a potion of heal wounds.
Found four items.
Found three items.
There is an open door here.
c - a potion of heal wounds
c - 2 potions of heal wounds (gained 1)
g - a black potion Your extra speed is starting to run out.
c - 3 potions of heal wounds (gained 1)
h - a scroll labeled GULEGA ECHEHAU
i - a viscous silvery potion
p - a blue potion You feel yourself slow down.
q - a scroll labeled JASIGR ARHEDI
r - a scroll labeled YXZUCH CABBUI You feel a little less agile now.
There is an open door here.
A worker ant zombie comes into view.
You are starting to lose your buoyancy.
A mummy comes into view.
There is an open door here.
A mummy comes into view.
The mummy moves out of view.
You catch the helpless worker ant zombie completely off-guard!
You impale the worker ant zombie!!
The worker ant zombie is severely damaged.
The worker ant zombie closely misses you.
You puncture the worker ant zombie!
You destroy the worker ant zombie!
You puncture the mummy! You bite the mummy!
The mummy is almost destroyed.
You puncture the mummy!
You destroy the mummy!
A mummy comes into view.
You float gracefully downwards.
You hit the mummy.
The mummy is moderately damaged.
You barely miss the mummy. You bite the mummy.
The mummy is moderately damaged.
The mummy hits you!!
Ouch! That really hurt!
* * * LOW HITPOINT WARNING * * *
You hit the mummy.
The mummy is heavily damaged.
You puncture the mummy!
The mummy is almost destroyed.
The mummy hits you!
You die...

∆∆∆ #∩..#≈≈.#
#≈#####.#≈≈≈≈#
'.≈ #.'.+.###≈#
#.#####.###
#M#...#.'.#
#≈#...'.###
#.#...#.'.#
#.#####.#####.###
'.....M@......+
#'#'#+#+#+#'#'#
#.#.# #####


You could see 2 mummies.

Vanquished Creatures
  A bullfrog zombie (Ossuary)
  5 mummies (Ossuary)
  A howler monkey zombie (Ossuary)
  2 worker ant zombies (Ossuary)
  2 leopard geckos
  3 orcs (D:4)
  A giant cockroach (D:1)
  3 goblins
  4 hobgoblins
  A quokka (D:4)
  3 bats
  2 frilled lizards
  2 kobolds
  4 rats
34 creatures vanquished.

Vanquished Creatures (others)
  4 toadstools (D:1)
  A withered plant (Ossuary)
5 creatures vanquished.

Grand Total: 39 creatures vanquished

Notes
Turn   | Place    | Note
-------+----------+-------------------------------------------
     0 | D:1      | tidbits the Gnoll Earth Elementalist began the quest for the Orb.
     0 | D:1      | Reached XP level 1. HP: 13/13 MP: 6/6
    91 | D:2      | Reached skill level 2 in Transmutations
   122 | D:2      | Reached XP level 2. HP: 18/19 MP: 4/7
   126 | D:2      | Learned a level 2 spell: Passwall
   218 | D:2      | Noticed a phantom
   425 | D:4      | Noticed a phantom
   444 | D:4      | Reached XP level 3. HP: 22/25 MP: 2/9
   494 | D:4      | Reached skill level 5 in Spellcasting
   523 | D:4      | Found a sand-covered staircase.
   528 | Ossuary  | Entered an ossuary
   534 | Ossuary  | Reached skill level 1 in Fighting
   534 | Ossuary  | Reached skill level 1 in Short Blades
   534 | Ossuary  | Reached skill level 1 in Long Blades
   534 | Ossuary  | Reached skill level 1 in Axes
   534 | Ossuary  | Reached skill level 1 in Maces & Flails
   534 | Ossuary  | Reached skill level 1 in Polearms
   534 | Ossuary  | Reached skill level 1 in Staves
   534 | Ossuary  | Reached skill level 1 in Slings
   534 | Ossuary  | Reached skill level 1 in Bows
   534 | Ossuary  | Reached skill level 1 in Crossbows
   534 | Ossuary  | Reached skill level 1 in Throwing
   534 | Ossuary  | Reached skill level 1 in Armour
   534 | Ossuary  | Reached skill level 1 in Shields
   534 | Ossuary  | Reached skill level 1 in Unarmed Combat
   534 | Ossuary  | Reached skill level 1 in Invocations
   534 | Ossuary  | Reached skill level 1 in Evocations
   534 | Ossuary  | Reached XP level 4. HP: 32/32 MP: 3/11
   552 | Ossuary  | Reached skill level 1 in Conjurations
   552 | Ossuary  | Reached skill level 1 in Hexes
   552 | Ossuary  | Reached skill level 1 in Charms
   552 | Ossuary  | Reached skill level 1 in Summonings
   552 | Ossuary  | Reached skill level 1 in Necromancy
   552 | Ossuary  | Reached skill level 1 in Translocations
   552 | Ossuary  | Reached skill level 1 in Fire Magic
   552 | Ossuary  | Reached skill level 1 in Ice Magic
   552 | Ossuary  | Reached skill level 1 in Air Magic
   552 | Ossuary  | Reached skill level 1 in Poison Magic
   568 | Ossuary  | Reached XP level 5. HP: 14/37 MP: 0/12
   640 | Ossuary  | Slain by a mummy

Vault maps used:
D:1:      ldierk_walled_garden_2
D:3:      lemuel_round_altar, lemuel_doored_altar, first_bread
D:4:      okawaru_altar_gauntlet_db, tgw_sif, enter_ossuary_5, moated_statue
Ossuary:  ossuary_zaba_flooded

Skill      XL: |  1  2  3  4 |
---------------+-------------+-----
Transmutations | 2 |  2.4
Spellcasting   | 5 |  5.2
Fighting       | 1 |  1.5
Short Blades   | 1 |  1.5
Long Blades    | 1 |  1.5
Axes           | 1 |  1.5
Maces & Flails | 1 |  1.5
Polearms       | 1 |  1.5
Staves         | 1 |  1.5
Slings         | 1 |  1.5
Bows           | 1 |  1.5
Crossbows      | 1 |  1.5
Throwing       | 1 |  1.5
Armour         | 1 |  1.5
Shields        | 1 |  1.5
Unarmed Combat | 1 |  1.5
Invocations    | 1 |  1.7
Evocations     | 1 |  1.5
Conjurations   | 1 |  1.2
Hexes          | 1 |  1.2
Charms         | 1 |  1.2
Summonings     | 1 |  1.2
Necromancy     | 1 |  1.2
Translocations | 1 |  1.2
Fire Magic     | 1 |  1.2
Ice Magic      | 1 |  1.2
Air Magic      | 1 |  1.2
Poison Magic   | 1 |  1.2
Dodging        | |  4.8
Stealth        | |  4.4
Earth Magic    | |  5.5

Action                   |  1- 3 |  4- 6 || total
-------------------------+-------+-------++-------
Melee: Dagger            |    19 |    41 ||    60
       Bite              |     1 |     7 ||     8
 Cast: Sandblast         |    31 |    10 ||    41
       Passwall          |     9 |       ||     9
  Use: Potion            |       |     7 ||     7
 Stab: Distracted        |       |     1 ||     1
Armor: Robe              |     6 |     1 ||     7
Dodge: Dodged            |    26 |    23 ||    49

Table legend:
 A = Spawn XP
 B = Non-spawn XP
 C = Spawn XP percentage of total XP
 D = Spawn monster count
 E = Non-spawn monster count
 F = Spawn count percentage of total count
 G = Total turns spent on level
                    A         B        C        D         E        F      G
               +---------+---------+-------+---------+---------+-------+---------
         Total |       0 |     275 |   0.0 |       0 |      34 |   0.0 |   640
               +---------+---------+-------+---------+---------+-------+---------
           D:1 |       0 |      14 |   0.0 |       0 |       8 |   0.0 |   126
           D:2 |       0 |      13 |   0.0 |       0 |       9 |   0.0 |   269
           D:3 |       0 |       4 |   0.0 |       0 |       2 |   0.0 |    32
           D:4 |       0 |      14 |   0.0 |       0 |       6 |   0.0 |   101
       Ossuary |       0 |     230 |   0.0 |       0 |       9 |   0.0 |   112
               +---------+---------+-------+---------+---------+-------+---------

Table legend:
 A = Turns spent in this place as a percentage of turns spent in the entire game.
 B = Non-inter-level travel turns spent in this place as a percentage of non-inter-level travel turns spent in the entire game.
 C = Inter-level travel turns spent in this place as a percentage of turns spent in this place.
 D = Turns resting spent in this place as a percentage of non-inter-level travel turns spent in this place.
 E = Turns spent auto-exploring this place as a percentage of non-inter-level travel turns spent in this place.
 F = Non-inter-level travel turns spent in this place divided by the number of levels of this place that you've seen.
                   A       B       C       D       E      F
               +-------+-------+-------+-------+-------+----------------------
         Total | 100.0 | 100.0 |   0.0 |   0.0 |   0.0 | 128.0
       Dungeon |  82.5 |  82.5 |   0.0 |   0.0 |   0.0 | 132.0
       Ossuary |  17.5 |  17.5 |   0.0 |   0.0 |   0.0 | 112.0
               +-------+-------+-------+-------+-------+----------------------

Table legend:
 A = Kills in this place as a percentage of kills in entire the game.
 B = Kills by you in this place as a percentage of kills by you in the entire game.
 C = Kills by friends in this place as a percentage of kills by friends in the entire game.
 D = Other kills in this place as a percentage of other kills in the entire game.
 E = Experience gained in this place as a percentage of experience gained in the entire game.
 F = Experience gained in this place divided by the number of levels of this place that you have seen.
                   A       B       C       D       E      F
               +-------+-------+-------+-------+-------+----------------------
         Total | 100.0 | 100.0 |   N/A |   N/A | 100.0 |  55.0
       Dungeon |  73.5 |  73.5 |   N/A |   N/A |  16.4 |  11.2
       Ossuary |  26.5 |  26.5 |   N/A |   N/A |  83.6 | 230.0
               +-------+-------+-------+-------+-------+----------------------

Vault maps used:
D:1:      ldierk_walled_garden_2
D:3:      lemuel_round_altar, lemuel_doored_altar, first_bread
D:4:      okawaru_altar_gauntlet_db, tgw_sif, enter_ossuary_5, moated_statue
Ossuary:  ossuary_zaba_flooded
